AoeStats
← ThunderboltX

Arabia

510509714Analyzed
1v1 RM · 15h ago on Oct 1, 2026· 50m 53s· 2 players
Game mode
Random Map
Map size
Tiny (2 player)
Population
200
Speed
Normal
Resources
Standard
Victory
Conquest
Starting age
Dark Age
Ending age
Imperial Age
RankedLock teamsTeams togetherTeam positionsShared explorationLock speedFull tech treeHidden civsTurbo modeCheats
Victory
Defeat
🇧🇬 Italians · Bulgaria
2537
+21
🇦🇹 Ethiopians · Austria
2643
-21
ThunderboltX
6:33 Loom
8:57 Feudal Age
9:17 Man-at-Arms
9:43 Double-Bit Axe
10:46 Horse Collar
19:27 Castle Age
17:33 Gold Mining
18:04 Fletching
18:36 Padded Archer Armor
20:06 Bodkin Arrow
19:31 Elite Skirmisher
20:23 Bow Saw
22:29 Wheelbarrow
23:22 Heavy Plow
30:35 Imperial Age
27:52 Town Watch
28:43 Leather Archer Armor
29:34 Ballistics
31:18 Bracer
32:19 Chemistry
32:25 Ring Archer Armor
40:03 Scale Barding Armor
40:08 Forging
40:40 Conscription
41:25 Chain Barding Armor
41:43 Hand Cart
40:54 Cavalier
42:09 Bloodlines
41:59 Husbandry
42:49 Iron Casting
42:37 Masonry
43:32 Plate Barding Armor
44:07 Architecture
44:48 Blast Furnace
46:47 Pirotechnia
46:17 Light Cavalry
47:01 Hussar
48:38 Guard Tower
49:55 Arrowslits
Oni.FreakinAndy
6:03 Loom
8:53 Feudal Age
8:54 Man-at-Arms
9:20 Double-Bit Axe
19:57 Castle Age
17:43 Horse Collar
18:15 Gold Mining
20:56 Bow Saw
22:14 Wheelbarrow
21:55 Fletching
26:12 Ballistics
26:06 Crossbowman
27:12 Bodkin Arrow
27:19 Padded Archer Armor
32:48 Imperial Age
31:09 Hand Cart
30:41 Town Watch
31:49 Thumb Ring
32:53 Masonry
32:58 Arbalester
33:38 Bracer
34:58 Chemistry
35:22 Leather Archer Armor
36:43 Siege Engineers
37:31 Elite Skirmisher
38:43 Ring Archer Armor
41:59 Gold Shaft Mining
41:14 Stone Mining
42:35 Two-Man Saw
41:59 Heavy Plow
42:35 Conscription
43:07 Squires
43:07 Scale Mail Armor
43:18 Forging
43:02 Halberdier
44:22 Chain Mail Armor
46:28 Iron Casting
48:11 Plate Mail Armor
50:17 Stone Shaft Mining
Connection lost

Rejoining the realm…

Still unreachable

The connection could not be restored.

Session expired

The server has moved on; the page needs a fresh start.